AoeStats
← 挥舞的指甲刀

Arena

510568417Analyzed
2v2 RM · 2d ago on Oct 1, 2026· 54m 4s· 4 players
Game mode
Random Map
Map size
Medium (4 player)
Population
200
Speed
Normal
Resources
Standard
Victory
Conquest
Starting age
Dark Age
Ending age
Imperial Age
RankedLock teamsTeams togetherTeam positionsShared explorationLock speedFull tech treeHidden civsTurbo modeCheats
Victory
Defeat
🇨🇳 Magyars · China
993
+13
🇮🇩 Maya · Indonesia
940
+15
🇨🇱 Vietnamese · Chile
923
-14
🇲🇽 Portuguese · Mexico
919
-14
GibranRakatiwing
0:29 Loom
11:32 Feudal Age
12:51 Double-Bit Axe
12:59 Gold Mining
13:02 Stone Mining
12:54 Horse Collar
17:00 Wheelbarrow
21:22 Castle Age
20:18 Fletching
20:30 Padded Archer Armor
23:03 Bow Saw
23:17 Heavy Plow
22:40 Crossbowman
23:25 Thumb Ring
23:32 Bodkin Arrow
23:54 Leather Archer Armor
29:07 Ballistics
30:03 Hul'che Javelineers
36:41 Imperial Age
38:24 Two-Man Saw
36:51 Arbalester
36:54 Elite Skirmisher
37:36 Bracer
38:07 Ring Archer Armor
39:00 Chemistry
38:42 Conscription
挥舞的指甲刀
3:36 Loom
9:34 Feudal Age
10:06 Double-Bit Axe
10:04 Horse Collar
12:52 Gold Mining
18:45 Castle Age
20:17 Bow Saw
20:12 Heavy Plow
23:02 Wheelbarrow
26:45 Hand Cart
32:34 Imperial Age
30:12 Fletching
30:48 Ballistics
29:53 Light Cavalry
30:44 Bloodlines
31:46 Gold Shaft Mining
31:16 Bodkin Arrow
31:27 Padded Archer Armor
32:02 Scale Barding Armor
33:20 Recurve Bow
34:27 Parthian Tactics
34:05 Bracer
34:59 Leather Archer Armor
36:48 Chemistry
35:55 Husbandry
37:07 Chain Barding Armor
39:08 Ring Archer Armor
41:25 Plate Barding Armor
41:12 Hussar
43:10 Heavy Cavalry Archer
ReinHardt2737
10:39 Feudal Age
13:54 Loom
16:34 Castle Age
15:35 Double-Bit Axe
15:35 Horse Collar
22:50 Fletching
25:35 Bodkin Arrow
25:40 Padded Archer Armor
26:06 Bow Saw
25:59 Heavy Plow
27:29 Leather Archer Armor
28:24 Thumb Ring
30:03 Wheelbarrow
29:14 Town Watch
30:30 Gold Mining
30:31 Stone Mining
31:19 Ballistics
31:10 Masonry
33:35 Pikeman
34:16 Squires
34:04 Arson
34:20 Scale Mail Armor
34:31 Forging
35:51 Murder Holes
36:38 Chain Mail Armor
36:59 Iron Casting
43:32 Elite Skirmisher
betoo.valem
10:28 Feudal Age
11:04 Double-Bit Axe
20:10 Castle Age
23:42 Gold Mining
23:43 Loom
25:09 Ballistics
26:01 Bow Saw
34:44 Imperial Age
32:51 Wheelbarrow
32:03 Town Watch
36:35 Hand Cart
40:51 Elite Skirmisher
42:30 Conscription
41:33 Elite Organ Gun
41:43 Imperial Skirmisher
43:51 Chemistry
42:44 Fletching
42:55 Padded Archer Armor
42:58 Town Patrol
43:56 Horse Collar
45:56 Two-Man Saw
45:48 Bodkin Arrow
47:17 Bracer
49:56 Pikeman
50:37 Halberdier
Connection lost

Rejoining the realm…

Still unreachable

The connection could not be restored.

Session expired

The server has moved on; the page needs a fresh start.